 Dungeon Crawl Stone Soup version 0.30-a0-760-g5a9884bb7c (webtiles) character file.

Game seed: 16050000255324087243

106 PLAYERX the Trooper (level 4, 0/40 (41) HPs)
             Began as a Minotaur Monk on Feb 11, 2023.
             Slain by a jelly (3 damage)
             ... on level 4 of the Dungeon.
             The game lasted 00:12:16 (2775 turns).

PLAYERX the Trooper (Minotaur Monk)                 Turns: 2775, Time: 00:12:16

HP:   0/40 (41)     AC: -2    Str: 17    XL:     4   Next: 55%
MP:   3/3           EV: 12    Int:  7    God:
Gold: 213           SH:  5    Dex: 13    Spells: 3/3 levels left

rFire   + . .      SeeInvis .    a - +0 falchion
rCold   x . .      Faith    .    (no shield)
rNeg    . . .      Spirit   .    d - +0 ring mail
rPois   .          Reflect  +    (helmet restricted)
rElec   .          Harm     .    (no cloak)
rCorr   .          Rampage  .    (no gloves)
Will    .....                    (no boots)
Stlth   +                        b - amulet of reflection
HPRegen 0.26/turn                o - ring of fire
MPRegen 0.08/turn                (no ring)

@: corroded, lightly drained
A: horns 2, retaliatory headbutt
a: no special abilities


You were on level 4 of the Dungeon.
You visited 1 branch of the dungeon, and saw 4 of its levels.

You collected 213 gold pieces.

Inventory:

Hand Weapons
 a - a +0 falchion (weapon)
Missiles
 e - 26 stones (quivered)
Armour
 d - a +0 ring mail (worn)
Jewellery
 b - an amulet of reflection (around neck)
 j - an amulet of regeneration
 o - a ring of fire (left hand)
Scrolls
 f - a scroll of brand weapon {unknown}
 g - 4 scrolls of identify {unknown}
 h - a scroll of magic mapping {unknown}
 l - a scroll of teleportation {unknown}
 m - a scroll of butterflies {unknown}
 q - a scroll of enchant weapon {unknown}
 r - a scroll of vulnerability {unknown}
Potions
 c - a potion of ambrosia
 i - a potion of degeneration {unknown}
 k - a potion of curing {unknown}
 n - 2 potions of brilliance {unknown}
 p - 2 potions of heal wounds {unknown}


   Skills:
 + Level 4.6 Fighting
 + Level 4.5 Long Blades
 + Level 2.0 Armour
 + Level 4.1 Dodging
 - Level 1.5 Stealth


You had 3 spell levels left.
You didn't know any spells.
Your spell library was empty.

Dungeon Overview and Level Annotations

Branches:
Dungeon (4/15)
 Temple: D:4-7

Altars:

Shops:
D:2 (   D:4 (


Innate Abilities, Weirdness & Mutations

You have a pair of horns on your head.
You reflexively headbutt those who attack you in melee.


Message History

You closely miss the ufetubus. You headbutt the ufetubus.
You kill the ufetubus!
Your Armour skill increases to level 2!
A jelly comes into view.
There is an entrance to Uvvotis's Weapon Boutique here.
A necrophage comes into view.
The jelly barely misses you. You furiously retaliate!
You headbutt the jelly. You hit the jelly. The acid corrodes you!
Your hands burn!
Your headbutt misses the jelly.
The jelly is heavily wounded.
You block the jelly's attack.
You barely miss the jelly.
The jelly is heavily wounded.
The jelly hits you. The acid corrodes you!
You are splashed with acid!
You hit the jelly.
Your hands burn!
The jelly is heavily wounded.
You block the jelly's attack. The necrophage hits you.
You hit the jelly but do no damage.
Your hands burn!
The jelly is heavily wounded.
The necrophage misses you. You furiously retaliate!
You headbutt the necrophage, but do no damage.
The jelly misses you.
You are too injured to fight recklessly!
You are too injured to fight recklessly!
You are too injured to fight recklessly!
You hit the necrophage but do no damage.
You headbutt the necrophage!
The necrophage is moderately damaged.
The necrophage barely misses you. You block the jelly's attack.
You closely miss the necrophage.
The necrophage is moderately damaged.
The necrophage hits you.
You feel drained. The jelly hits you.
You are splashed with acid!
* * * LOW HITPOINT WARNING * * *
You barely miss the necrophage. Your headbutt misses the necrophage.
You punch the necrophage, but do no damage.
The necrophage is moderately damaged.
The necrophage misses you. You furiously retaliate!
You headbutt the necrophage. The jelly hits you.
You die...

## . #.
#.######
.....>
#.>.#
##...##
#8.∩.8##.#
##...@J.#
#.<.n##.#
#....# #
####.# #.#
..# #.#
##.


You could see a necrophage and a jelly.

Vanquished Creatures
  An adder (D:3)
  An ufetubus (D:4)
  A dart slug (D:3)
  14 orcs (D:3)
  10 ball pythons
  2 bats (D:1)
  An endoplasm (D:1)
  2 giant cockroaches
  A hobgoblin (D:3)
  9 jackals
  8 kobolds
  3 quokkas (D:1)
  4 frilled lizards
  8 goblins
  4 rats
69 creatures vanquished.

Notes
Turn   | Place    | Note
-------+----------+-------------------------------------------
     0 | D:1      | PLAYERX the Minotaur Monk began the quest for the Orb.
     0 | D:1      | Reached XP level 1. HP: 19/19 MP: 0/0
   186 | D:1      | Reached XP level 2. HP: 27/27 MP: 1/1
   769 | D:1      | Reached XP level 3. HP: 31/33 MP: 2/2
  1060 | D:2      | Found Saveckui's Weapon Emporium.
  1347 | D:2      | Reached skill level 1 in Armour
  1925 | D:3      | Reached XP level 4. HP: 33/41 MP: 3/3
  2762 | D:4      | Found Uvvotis's Weapon Boutique.
  2767 | D:4      | Noticed a necrophage
  2775 | D:4      | Slain by a jelly

Illustrated notes

Levels and vault maps discovered:
D:1:      lightli_arrival_chessboard, layout_basic
D:2:      layout_rooms, serial_shops, nicolae_shop_bloodbath_and_beyond,
          minmay_crystal_water
D:3:      minmay_general_purpose_star, layout_basic, serial_co_window_serial,
          co_window_corner_a, co_window_of_opportunity_a, co_window_corner_a,
          co_window_corner_a, co_window_paths_b, co_window_broadway_b,
          co_window_broadway_c, co_window_2corner, co_window_4corner_b,
          co_window_paths_d, glass_columns_b, glass_columns_a, glass_columns_b
D:4:      layout_loops_ring, nicolae_ru_sacrificial_ziggurat,
          lemuel_crystal_altar, nicolae_ossuary_entry_monument,
          portal_sewer_entry_b, nicolae_stop_n_shop_2

Skill      XL: |  1  2  3  4 |
---------------+-------------+-----
Fighting       | 4 |  4.6
Long Blades    | 4 |  4.5
Armour         | 1 2 |  2.0
Dodging        | 4 |  4.1
Stealth        | |  1.5

Action                     |  1- 3 |  4- 6 || total
---------------------------+-------+-------++-------
  Melee: Falchion          |    89 |    51 ||   140
         Headbutt          |    17 |    10 ||    27
         Punch             |       |     1 ||     1
 Armour: Ring mail         |    26 |     3 ||    29
  Dodge: Dodged            |    54 |    29 ||    83
  Block: Other             |    21 |    16 ||    37
         Reflection        |     1 |     1 ||     2

Table legend: (Time is in decaauts)
 A = Elapsed time spent in this place.
 B = Non-inter-level travel time spent in this place.
 C = Inter-level travel time spent in this place.
 D = Time resting spent in this place.
 E = Time spent auto-exploring this place.
 F = Levels seen in this place.
 G = Mean time per level.
                   A        B        C        D        E       F      G
               +--------+--------+--------+--------+--------+-----+--------+
         Total |   2791 |   2791 |      0 |    212 |   1857 |   4 |  697.8 |
       Dungeon |   2791 |   2791 |      0 |    212 |   1857 |   4 |  697.8 |
               +--------+--------+--------+--------+--------+-----+--------+

Top non-repeatable levels by time:
     D:3: 1252 daAuts
     D:1: 1005 daAuts
     D:2: 519 daAuts
     D:4: 13 daAuts
